 Dungeon Crawl Stone Soup version 0.20-b1 (webtiles) character file.

1989866 Leszczynek the Warrior (level 26, 172/172 HPs)
             Began as a Tengu Wanderer on May 19, 2017.
             Was a High Priest of Okawaru.
             Escaped with the Orb
             ... and 3 runes!
             The game lasted 05:34:00 (48369 turns).

Leszczynek the Warrior (Tengu Wanderer)            Turns: 48369, Time: 05:34:01

Health: 172/172    AC: 25    Str: 31    XL:     26   Next: 83%
Magic:  38/38      EV: 29    Int: 25    God:    Okawaru [*****.]
Gold:   3289       SH: 21    Dex: 27    Spells: 2/46 levels left

rFire    + . .     SeeInvis +   a - +6 eveningstar (drain)
rCold    + . .     Gourm    .   N - +1 shield {AC+3} {god gift}
rNeg     + . .     Faith    .   H - +2 swamp dragon scales
rPois    +         Spirit   .   s - +2 hat {MR+} {god gift}
rElec    .         Reflect  +   R - scarf of Terror {god gift, rN+ rCorr Dex+3}
rCorr    +         Harm     .   C - +2 pair of gloves "Hakoigog" {Int+4}
MR       +++..                  (boots unavailable)
Stlth    +++.......             T - amulet "Keedoff" {Reflect *Contam Str+5 Dex+3 SH+4 SInv}
Regen    0.4/turn               t - ring of Darkness {*Drain rF+ Str+8 Int+2 SInv}
MPRegen  0.3/turn               c - ring "Wopany" {AC+5 Int+4 Dex+3 Stlth+}

@: flying quickly and evasively, deflect missiles, quick
A: beak, talons 3, cold resistance 1, deterioration 1, magic resistance 1,
screaming 1, wild magic 1, able to fly 2
0: Orb of Zot
}: 3/15 runes: decaying, silver, gossamer
a: Stop Flying, Heroism, Finesse, Renounce Religion


You escaped.
You worshipped Okawaru.
Okawaru was extremely pleased with you.
You were very full.

You visited 9 branches of the dungeon, and saw 49 of its levels.
You also visited: Wizlab.

You collected 6717 gold pieces.
You spent 3428 gold pieces at shops.

Inventory:

Hand Weapons
 a - a +6 eveningstar of draining (weapon)
 b - a +4 blowgun
Missiles
 w - 11 curare-tipped needles
 z - 14 needles of confusion
 D - 3 throwing nets
 I - 13 javelins of returning {god gift}
 Q - 24 javelins of penetration
 X - 29 tomahawks (quivered)
Armour
 s - a +2 hat of magic resistance (worn) {god gift}
 C - the +2 pair of gloves "Hakoigog" (worn) {Int+4}
   (You found it on level 1 of the Vaults)

   It affects your intelligence (+4).
 H - +2 swamp dragon scales (worn)
 N - a +1 shield of protection (worn) {god gift}
 R - the scarf of Terror (worn) {god gift, rN+ rCorr Dex+3}
   (Okawaru gifted it to you on level 5 of the Lair of Beasts)

   It affects your dexterity (+3).
   It protects you from negative energy.
   It protects you from acid and corrosion.
Jewellery
 c - the ring "Wopany" (right hand) {AC+5 Int+4 Dex+3 Stlth+}
   (You took it off a tengu reaver on level 5 of the Vaults)

   [ring of protection]

   It affects your AC (+5).
   It affects your intelligence (+4).
   It affects your dexterity (+3).
   It makes you more stealthy.
 k - an uncursed ring of protection from magic
 t - the ring of Darkness (left hand) {*Drain rF+ Str+8 Int+2 SInv}
   (You bought it in a shop on level 2 of the Orcish Mines)

   [ring of protection from fire]

   It affects your strength (+8).
   It affects your intelligence (+2).
   It protects you from fire.
   It lets you see invisible.
   It causes draining when unequipped.
 u - an uncursed ring of protection from fire
 L - an uncursed ring of protection from cold
 T - the amulet "Keedoff" (around neck) {Reflect *Contam Str+5 Dex+3 SH+4 SInv}
   (You found it on level 2 of the Depths)

   [amulet of reflection]

   It shields you and reflects attacks.
   It affects your strength (+5).
   It affects your dexterity (+3).
   It lets you see invisible.
   It causes magical contamination when unequipped.
   It affects your SH (+4).
Wands
 h - a wand of scattershot (4/9)
 j - a wand of digging (19/24)
 q - a wand of confusion (16/48)
 B - a wand of enslavement (12/24)
 K - a wand of clouds (6/9)
 M - a wand of paralysis (19/24)
 U - a wand of scattershot (7/9)
Scrolls
 e - 3 scrolls of recharging
 n - 22 scrolls of remove curse {@r2}
 o - 7 scrolls of fear
 v - 4 scrolls of summoning
 y - 4 scrolls of fog
 G - 15 scrolls of teleportation
 J - 3 scrolls of vulnerability
 S - 5 scrolls of blinking
Potions
 g - 3 potions of magic
 i - 5 potions of mutation {!q}
 m - 3 potions of heal wounds {@q2}
 p - 3 potions of agility
 E - 5 potions of cancellation
 O - 13 potions of curing {@q1}
 V - 6 potions of ambrosia
 W - a potion of resistance
 Y - a potion of haste
Miscellaneous
 d - a fan of gales
 f - 2 boxes of beasts
 l - a phial of floods
 r - a lightning rod (4/4)
 x - 2 phantom mirrors
 F - 2 sacks of spiders
 P - a lamp of fire
Comestibles
 A - 19 meat rations


   Skills:
 - Level 19.5 Fighting
 - Level 16.1 Maces & Flails
 - Level 13.1 Throwing
 - Level 10.0 Armour
 - Level 12.0 Dodging
 - Level 14.3 Stealth
 - Level 15.1 Shields
 - Level 10.6 Spellcasting
 - Level 11.7 Conjurations
 - Level 4.1 Hexes
 - Level 8.4 Charms
 - Level 12.1 Summonings
 - Level 15.1 Necromancy
 - Level 4.2 Translocations
 + Level 1.7 Transmutations
 - Level 9.0 Ice Magic
 - Level 15.6 Air Magic
 + Level 1.5 Earth Magic
   Level 1.0 Poison Magic
 - Level 7.0 Invocations
 - Level 12.5 Evocations


You had 2 spell levels left.
You knew the following spells:

 Your Spells              Type           Power        Failure   Level  Hunger
a - Animate Skeleton      Necr           N/A          1%          1    None
b - Shadow Creatures      Summ           N/A          10%         6    #####..
c - Passwall              Tmut/Erth      ####......   8%          2    None
d - Spectral Weapon       Hex/Chrm       ######..     2%          3    None
e - Deflect Missiles      Chrm/Air       #######...   11%         6    #####..
f - Summon Lightning Spi  Summ/Air       #######.     1%          4    None
g - Aura of Abjuration    Summ           #######...   2%          5    ####...
h - Freezing Cloud        Conj/Ice/Air   #######...   10%         6    #####..
q - Regeneration          Chrm/Necr      #######...   1%          3    None
w - Simulacrum            Ice/Necr       #######...   10%         6    #####..
B - Blink                 Tloc           N/A          3%          2    None


Dungeon Overview and Level Annotations

Branches:
Dungeon (15/15)            Temple (0/1) D:5            Lair (6/6) D:9
  Swamp (4/4) Lair:4       Spider (4/4) Lair:4        Slime (0/5) Lair:5
    Orc (2/2) D:9             Elf (3/3) Orc:2        Vaults (5/5) D:14
  Crypt (0/3) Vaults:2     Depths (5/5) D:15            Zot (5/5) Depths:5

Altars:
Dithmenos
Elyvilon
Fedhas
Makhleb
Okawaru
Qazlal
Ru
Sif Muna
Trog
Uskayaw
Vehumet
Beogh

Shops:
D:13 (   Orc:2 (*:[   Elf:1 *   Elf:3 ==}   Vaults:2 ?   Vaults:3 =
Depths:1 ((

Portals:
Hell: Depths:3 Depths:4 Depths:5
Abyss: Depths:4
Pandemonium: Depths:3
Ziggurat: Depths:2

Annotations:
D:9 exclusion: statue
Lair:1 7h
Lair:2 exclusion: downstairs
Lair:3 exclusion: hydra
Lair:4 swamp
Lair:5 Kirke
Lair:6 fire dragon + GOLD
Depths:2 3 runed doors, hell, exclusions: shining eye and 3 more exclusions
Depths:3 exclusion: upstairs
Depths:4 Sojobo
Zot:2 exclusion: orb of fire
Zot:3 exclusion: quicksilver dragon


Innate Abilities, Weirdness & Mutations

You have a beak for a mouth.
You have claws for feet.
You can fly continuously.
Your flesh is cold resistant. (rC+)
Your body sometimes deteriorates upon taking damage.
You are resistant to hostile enchantments. (MR+)
You occasionally shout uncontrollably at your foes.
Your spells are a little harder to cast, but a little more powerful.


Message History

You impale the hobgoblin!!
You kill the hobgoblin!
Evoke which item? (* to show all) (? for menu, Esc to quit)
Aiming: Dig
Press: ? - help, Shift-Dir - straight line The rock shatters into small pieces.
This wand has 21 charges left.
A ynoxinul comes into view.
Evoke which item? (* to show all) (? for menu, Esc to quit)
Aiming: Dig
Press: ? - help, Shift-Dir - straight line The rock shatters into small pieces.
This wand has 20 charges left.
A red devil comes into view.
It is wielding a vampiric demon trident.
Evoke which item? (* to show all) (? for menu, Esc to quit)
Aiming: Dig
Press: ? - help, Shift-Dir - straight line The rock shatters into small pieces.
This wand has 19 charges left.
There is an open gate here.
There is a staircase leading out of the dungeon here.
Enter note: okay You have escaped!

####### #..@..#
##### ##...##
#...# #.###.#
#...## #8'''8#
#...+. ###.###
#...## #.# #.....
#.# ###..#
#.#############..#
#.................


There were no monsters in sight!

Vanquished Creatures
  3 orbs of fire (Zot:5)
  3 ancient liches (Zot:5)
  3 greater mummies (Depths:3)
  the Lernaean hydra (Swamp:4)
  2 Killer Klowns (Zot:5)
  Margery (Vaults:3)
  Saint Roka (Vaults:5)
  Nikola (Swamp:2)
  4 golden dragons
  An electric golem (Zot:5)
  6 liches
  10 tentacled monstrosities
  25 Orb Guardians (Zot:5)
  2 Hell Sentinels
  5 titans
  4 deep elf blademasters (Elf:3)
  3 quicksilver dragons
  3 deep elf master archers (Elf:3)
  5 sphinxes
  A death cob (Zot:5)
  An Executioner (Depths:3)
  An eldritch tentacle (WizLab)
  5 storm dragons
  7 tengu reavers
  8 shadow dragons
  7 fire giants
  3 draconian knights
  9 deep elf sorcerers
  4 ghost moths
  18 vault wardens
  2 iron dragons
  Aizul (Swamp:1)
  8 frost giants
  An emperor scorpion (Spider:4)
  A balrug (Depths:3)
  Louise (Swamp:3)
  2 orc warlords
  A war gargoyle (Depths:2)
  4 deep elf elementalists (Elf:3)
  A ghoul (Vaults:4)
  17 ironheart preservers
  20 very ugly things
  A draconian stormcaller (Zot:5)
  A spriggan defender (Depths:4)
  22 stone giants
  A green draconian (shapeshifter) (Zot:1)
  6 entropy weavers
  2 vampire knights
  2 green draconians
  A large abomination (Elf:3)
  2 black draconians (Zot:5)
  5 white draconians
  3 deep elf demonologists
  9 deep elf annihilators
  A yellow draconian (Zot:5)
  9 spark wasps
  2 purple draconians (Zot:5)
  A red draconian (Zot:5)
  2 crystal guardians (Depths:2)
  3 jiangshi (Depths:3)
  5 deep elf death magi
  8 ettins
  2 eidola (WizLab)
  A merfolk javelineer (Depths:4)
  Josephine (D:11)
  Erolcha (D:11)
  2 mummy priests (Depths:3)
  8 great orbs of eyes
  6 fire dragons
  44 vault guards
  2 merfolk impalers
  6 deep elf high priests
  10 yaktaur captains
  10 ice dragons
  6 rakshasas
  2 death knights (Vaults:4)
  15 hydras
  13 centaur warriors
  A ghost crab (Swamp:4)
  6 alligators
  9 ogre magi
  6 tengu warriors
  13 dancing weapons
  An anaconda (shapeshifter) (Vaults:5)
  4 deep troll shamans
  27 two-headed ogres
  9 deep troll earth magi
  3 orc high priests
  Urug (D:12)
  4 hell knights
  2 spriggan berserkers
  9 deep elf knights
  2 iron trolls (Depths:4)
  A sun demon (Zot:5)
  Sonja (D:11)
  8 skeletal warriors (Vaults:2)
  3 storm dragon skeletons
  4 glowing orange brains
  3 shadow wraiths
  A sixfirhy (WizLab)
  An unseen horror (D:10)
  An unseen horror (shapeshifter) (Vaults:1)
  12 deep trolls
  A shambling mangrove (Swamp:4)
  2 flayed ghosts (Vaults:4)
  11 swamp dragons
  An obsidian statue (WizLab)
  10 deep elf archers
  7 necromancers
  9 wizards
  17 ironbrand convokers
  A sphinx zombie (Vaults:4)
  A lindwurm (Lair:6)
  2 orange crystal statues
  19 orc knights
  6 harpies
  The ghost of anet the Jinx, a novice DEWz (D:8)
  59 deep elf magi
  2 phantasmal warriors
  37 wolf spiders
  2 tengu skeletons
  7 orc sorcerers
  A fire giant zombie (Depths:2)
  17 orb spiders
  49 ugly things
  A wolf spider (shapeshifter) (Vaults:5)
  A frost giant zombie (Depths:2)
  2 manticores
  2 frost giant skeletons (Vaults:2)
  9 moths of wrath
  6 cyclopes
  A guardian serpent (Lair:6)
  A stone giant skeleton (Vaults:2)
  A rust devil (Depths:3)
  9 torpor snails
  6 elephants (Lair:6)
  An orange demon (Zot:1)
  17 vault sentinels
  A guardian serpent (shapeshifter) (Vaults:4)
  2 smoke demons
  8 black mambas
  A black mamba (shapeshifter) (Depths:4)
  5 human skeletons
  12 spiny frogs
  3 gargoyles (Depths:2)
  7 rime drakes
  55 yaktaurs
  7 freezing wraiths
  A human zombie (Vaults:3)
  4 komodo dragons
  3 kobold demonologists (D:14)
  6 demonic crawlers
  An ancient zyme (WizLab)
  A yaktaur skeleton (Vaults:2)
  A hellwing (Depths:3)
  5 tengu conjurers
  30 jumping spiders
  A red devil (Depths:3)
  2 polar bears (Lair:3)
  8 tyrant leeches
  2 wind drakes (shapeshifter) (Vaults:4)
  A polar bear (shapeshifter) (Elf:3)
  3 meliai (Spider:3)
  2 trolls (shapeshifter)
  9 trolls
  A dream sheep (shapeshifter) (Vaults:5)
  22 hornets
  6 hippogriffs
  42 slime creatures
  A raiju (shapeshifter) (Depths:2)
  12 blink frogs
  A raiju (Zot:1)
  A hornet (shapeshifter) (Depths:1)
  7 bog bodies
  4 dream sheep (Lair:2)
  5 air elementals
  A shadow (Swamp:3)
  16 water elementals
  An ettin skeleton (Vaults:2)
  A tarantella (shapeshifter) (Vaults:4)
  41 tarantellas
  38 yaks
  5 spriggans
  81 redbacks
  8 wraiths
  14 wyverns
  4 hogs (Lair:5)
  A basilisk (shapeshifter) (Vaults:2)
  A human (shapeshifter) (Vaults:3)
  A hungry ghost (D:12)
  3 fire elementals
  13 steam dragons
  A spatial vortex (WizLab)
  3 vampire mosquitoes (Swamp:1)
  A swamp worm (shapeshifter) (Depths:1)
  11 wargs
  A soldier ant (D:11)
  25 swamp worms
  7 porcupines
  56 orc warriors
  10 water moccasins
  10 swamp drakes
  2 small abominations (WizLab)
  5 ice beasts
  5 sky beasts
  2 black bears
  An eye of draining (D:12)
  2 elf zombies
  25 ogres
  3 phantoms
  18 centaurs
  An elf skeleton (Vaults:3)
  14 crocodiles
  3 big kobolds
  19 bullfrogs
  3 earth elementals
  A water moccasin zombie (D:7)
  A wyvern skeleton (D:12)
  5 scorpions
  A water moccasin skeleton (D:11)
  A human simulacrum (Vaults:3)
  3 electric eels
  6 killer bees
  5 wights (D:8)
  2 howler monkeys (D:8)
  5 crimson imps
  A bullfrog zombie (D:7)
  5 jellies
  6 hounds
  3 quasits
  2 centaur zombies
  2 bullfrog skeletons (D:4)
  23 orc wizards
  A gnoll shaman (D:5)
  19 orc priests
  2 iguanas
  8 worker ants
  A killer bee zombie (D:9)
  A worker ant zombie (D:8)
  Robin (D:1)
  42 gnolls
  14 adders
  6 shadow imps
  An ufetubus (D:7)
  2 adder zombies
  A worm (D:1)
  A dart slug (D:4)
  6 leopard geckos
  100 orcs
  12 bats
  4 giant cockroaches
  11 goblins
  12 hobgoblins
  16 jackals
  2 quokkas
  A ball python (D:5)
  7 frilled lizards
  7 kobolds
  5 rats
  A crawling corpse (Elf:3)
  2 fungi (Lair:6)
  A plant (Depths:4)
1971 creatures vanquished.

Vanquished Creatures (collateral kills)
  3 orbs of fire (Zot:5)
  An ancient lich (Depths:2)
  3 Killer Klowns (Zot:5)
  A golden dragon (Zot:5)
  An electric golem (Zot:5)
  A storm dragon (Zot:5)
  A draconian annihilator (Zot:5)
  2 very ugly things (Vaults:5)
  A war gargoyle (Depths:2)
  2 green draconians (Zot:5)
  A black draconian (Zot:5)
  A purple draconian (Zot:5)
  2 ice dragons
  A spriggan berserker (Depths:4)
  A spriggan (Depths:4)
  An ugly thing (Vaults:5)
  A moth of wrath (Zot:5)
  2 hornets (Depths:4)
  2 water elementals (Depths:4)
  A killer bee (D:9)
  3 orcs (D:9)
32 creatures vanquished.

Vanquished Creatures (others)
  A deep elf knight (Elf:3)
  A deep troll (Vaults:3)
  2 wolf spiders
  An orc wizard (Vaults:5)
  An orc (Vaults:4)
  A jackal (D:6)
  23 fungi
  30 plants
60 creatures vanquished.

Grand Total: 2063 creatures vanquished

Notes
Turn   | Place    | Note
-------+----------+-------------------------------------------
     0 | D:1      | Leszczynek the Tengu Wanderer began the quest for the Orb.
     0 | D:1      | Leszczynek set off with: a +2 mace, Vazink's Disquisition on Benedictions, a potion of lignification {!q}, a bread ration, a +0 robe
     0 | D:1      | Reached XP level 1. HP: 12/12 MP: 3/3
     0 | D:1      | 14/11/12 (6/3/3)
     0 | D:1      | Identified Vazink's Disquisition on Benedictions
   210 | D:1      | Reached XP level 2. HP: 14/16 MP: 4/4
   225 | D:1      | Reached skill level 3 in Maces & Flails
   696 | D:1      | Reached XP level 3. HP: 18/20 MP: 5/5
   805 | D:2      | Found an iron altar of Okawaru.
   806 | D:2      | Found an ornate altar of the Wu Jian Council.
   837 | D:2      | Reached skill level 4 in Maces & Flails
   857 | D:2      | Noticed Robin
   881 | D:1      | Killed Robin
   906 | D:2      | HP: 3/20 [goblin/stone[Robin] (6)]
   910 | D:2      | HP: 1/30 [hobgoblin[Robin] (1)]
   990 | D:2      | Became a worshipper of Warmaster Okawaru
  1017 | D:2      | Reached XP level 4. HP: 25/25 MP: 6/6
  1036 | D:2      | Found a bloodstained altar of Trog.
  1304 | D:3      | Reached skill level 5 in Maces & Flails
  1366 | D:3      | Gained mutation: You can fly. [Tengu growth]
  1366 | D:3      | Reached XP level 5. HP: 16/29 MP: 7/7
  1548 | D:3      | Learned a level 2 spell: Song of Slaying
  1635 | D:3      | Found a deep blue altar of Sif Muna.
  1873 | D:3      | Found a burning altar of Makhleb.
  2110 | D:4      | HP: 5/29 [bullfrog skeleton (2)]
  2112 | D:4      | Reached skill level 6 in Maces & Flails
  2112 | D:4      | Reached skill level 2 in Shields
  2166 | D:4      | Reached XP level 6. HP: 34/34 MP: 8/8
  2408 | D:4      | Found a white marble altar of Elyvilon.
  2409 | D:4      | Found a shadowy altar of Dithmenos.
  2462 | D:5      | Entered Level 5 of the Dungeon
  2533 | D:5      | Found a sacrificial altar of Ru.
  2854 | D:6      | Reached * piety under Okawaru
  2854 | D:6      | Reached skill level 7 in Maces & Flails
  2854 | D:6      | Reached skill level 3 in Shields
  2860 | D:6      | Reached XP level 7. HP: 26/38 MP: 9/9
  2961 | D:5      | Found a staircase to the Ecumenical Temple.
  3199 | D:5      | Reached skill level 8 in Maces & Flails
  3381 | D:6      | Reached skill level 4 in Shields
  3577 | D:6      | Reached ** piety under Okawaru
  3577 | D:6      | Reached XP level 8. HP: 21/44 MP: 7/10
  3602 | D:6      | Reached skill level 2 in Fighting
  3605 | D:6      | Reached skill level 1 in Dodging
  3668 | D:6      | Found a stormy altar of Qazlal.
  3801 | D:6      | Reached skill level 3 in Fighting
  4037 | D:6      | Reached skill level 2 in Dodging
  4254 | D:6      | Reached skill level 4 in Fighting
  4304 | D:6      | Reached skill level 9 in Maces & Flails
  4336 | D:6      | Reached skill level 3 in Dodging
  4599 | D:6      | Reached skill level 5 in Fighting
  4684 | D:6      | Reached XP level 9. HP: 29/54 MP: 11/11
  4993 | D:7      | Found an iron altar of Okawaru.
  5286 | D:7      | Reached skill level 4 in Dodging
  5385 | D:8      | Found a blossoming altar of Fedhas.
  5417 | D:8      | Noticed anet's ghost (novice DEWz)
  5451 | D:8      | Reached skill level 10 in Maces & Flails
  5661 | D:8      | Noticed a dagger
  5662 | D:8      | Found a hide-covered altar of Uskayaw.
  5663 | D:8      | Noticed a dagger
  5808 | D:8      | Found a hide-covered altar of Uskayaw.
  5831 | D:8      | Reached skill level 1 in Invocations
  5853 | D:8      | Learned a level 3 spell: Regeneration
  5855 | D:8      | Learned a level 1 spell: Animate Skeleton
  5900 | D:8      | Reached skill level 6 in Fighting
  5991 | D:8      | Noticed a two-headed ogre
  6004 | D:8      | Killed a two-headed ogre
  6004 | D:8      | Reached *** piety under Okawaru
  6004 | D:8      | Reached skill level 11 in Maces & Flails
  6004 | D:8      | Reached skill level 2 in Invocations
  6036 | D:8      | Killed anet's ghost
  6036 | D:8      | Reached **** piety under Okawaru
  6036 | D:8      | Reached skill level 3 in Invocations
  6036 | D:8      | Reached XP level 10. HP: 18/61 MP: 9/13
  6343 | D:7      | Reached skill level 7 in Fighting
  6567 | D:9      | Found a radiant altar of Vehumet.
  6725 | D:9      | Reached skill level 4 in Invocations
  7033 | D:9      | Found a staircase to the Orcish Mines.
  7036 | D:9      | Gained mutation: Your muscles are strong. (Str +2) [potion of mutation]
  7036 | D:9      | Gained mutation: You have a pair of small antennae on your head. [potion of mutation]
  7036 | D:9      | Gained mutation: You can translocate small distances at will. [potion of mutation]
  7058 | D:9      | HP: 12/63 [orc priest/divine providence (17)]
  7070 | D:9      | HP: 11/63 [gnoll (1)]
  7352 | D:10     | Entered Level 10 of the Dungeon
  7370 | D:10     | Reached skill level 5 in Invocations
  7568 | D:9      | Reached skill level 12 in Maces & Flails
  7735 | D:9      | Reached skill level 6 in Invocations
  7825 | D:9      | Reached skill level 8 in Fighting
  7830 | D:9      | HP: 12/64 [orc priest/divine providence (12)]
  7975 | D:9      | Reached XP level 11. HP: 54/68 MP: 16/16
  8040 | D:9      | Found a roughly hewn altar of Beogh.
  8058 | D:9      | Reached ***** piety under Okawaru
  8090 | D:9      | Found a staircase to the Lair.
  8135 | D:9      | Noticed a two-headed ogre
  8165 | D:9      | Killed a two-headed ogre
  8414 | D:10     | Found a white marble altar of Elyvilon.
  8440 | D:10     | Reached skill level 7 in Invocations
  8484 | D:10     | Killed an unseen horror
  9223 | D:11     | oh great
  9258 | D:11     | Noticed Josephine
  9310 | D:11     | Killed Josephine
  9310 | D:11     | Reached skill level 5 in Dodging
  9323 | D:11     | Reached skill level 9 in Fighting
  9323 | D:11     | Reached skill level 13 in Maces & Flails
  9481 | D:11     | Reached skill level 2 in Evocations
  9506 | D:11     | Reached skill level 3 in Evocations
  9543 | D:11     | Noticed Erolcha
  9612 | D:11     | Noticed Sonja
  9635 | D:11     | Killed Sonja
  9635 | D:11     | Reached skill level 6 in Dodging
  9859 | Lair:1   | Entered Level 1 of the Lair of Beasts
  9867 | Lair:1   | Reached XP level 12. HP: 75/76 MP: 18/18
  9898 | Lair:1   | Reached skill level 4 in Evocations
  9938 | Lair:1   | Reached skill level 5 in Evocations
 10290 | Lair:1   | Noticed a seven-headed hydra
 10303 | Lair:2   | Received a gift from Okawaru
 10311 | Lair:2   | Found a radiant altar of Vehumet.
 10358 | Lair:2   | no fucking way
 10377 | Lair:2   | Reached skill level 6 in Evocations
 10415 | Lair:2   | 5 ac tengu fighter in lair
 10415 | Lair:2   | jesus
 10760 | Lair:2   | Reached skill level 7 in Evocations
 10797 | Lair:2   | Received a gift from Okawaru
 10797 | Lair:2   | Reached ****** piety under Okawaru
 10975 | Lair:2   | Reached skill level 14 in Maces & Flails
 11006 | Lair:2   | Reached skill level 5 in Shields
 11181 | Lair:2   | is this even worht it
 11199 | Lair:2   | Reached skill level 6 in Shields
 11436 | Lair:3   | Noticed an eight-headed hydra
 11536 | Lair:3   | Learned a level 2 spell: Passwall
 11665 | Lair:3   | Reached skill level 7 in Shields
 12074 | Lair:4   | great
 12076 | Lair:4   | Reached skill level 8 in Shields
 12097 | Lair:4   | Reached XP level 13. HP: 80/80 MP: 11/19
 12126 | Lair:4   | Reached skill level 9 in Shields
 12252 | Lair:4   | Found a hole to the Spider Nest.
 12419 | Lair:5   | Noticed Kirke
 12488 | Lair:5   | Received a gift from Okawaru
 12489 | Lair:5   | Got a heavily runed scarf {god gift}
 12495 | Lair:5   | Identified the scarf of Terror {god gift, rN+ rCorr Dex+3} (Okawaru gifted it to you on level 5 of the Lair of Beasts)
 12615 | Lair:5   | Found a staircase to the Slime Pits.
 12682 | Lair:6   | Entered Level 6 of the Lair of Beasts
 13173 | Lair:6   | Reached skill level 10 in Fighting
 13244 | Lair:6   | Reached skill level 10 in Shields
 13325 | Lair:6   | Reached skill level 7 in Dodging
 13561 | Lair:6   | Reached skill level 8 in Dodging
 14146 | Lair:6   | Received a gift from Okawaru
 14159 | Lair:6   | Reached skill level 9 in Dodging
 14166 | Lair:6   | Gained mutation: You can fly continuously. [Tengu growth]
 14166 | Lair:6   | Reached XP level 14. HP: 60/88 MP: 14/20
 14385 | Lair:6   | Found a runed door.
 14768 | Lair:6   | ok now
 14768 | Lair:6   | it's either ice dragon and i can make it
 14768 | Lair:6   | or it's a fire dragon and i'm in trouble
 14821 | Lair:6   | let's not
 14841 | Lair:6   | Reached skill level 10 in Dodging
 15028 | Orc:1    | Entered Level 1 of the Orcish Mines
 15112 | Orc:2    | Entered Level 2 of the Orcish Mines
 15157 | Orc:2    | Found a roughly hewn altar of Beogh.
 15315 | Orc:2    | Found Olohischonic's General Store.
 15333 | Orc:2    | Paralysed by an orc sorcerer for 6 turns
 15357 | Orc:1    | ...
 15497 | Orc:1    | Reached skill level 11 in Shields
 15541 | Orc:2    | Reached skill level 15 in Maces & Flails
 15566 | Orc:2    | Bought a scroll of teleportation for 33 gold pieces
 15566 | Orc:2    | Bought a scroll of blinking for 82 gold pieces
 15609 | Orc:2    | Found Ewnekeff's Book Emporium.
 15676 | Orc:2    | Received a gift from Okawaru
 16024 | Orc:2    | Found Qealeose's Antique Armour Shop.
 16099 | Orc:2    | Bought a pair of runed gloves for 225 gold pieces
 16105 | Orc:2    | DOUBLE DIGIT AC BABY
 16105 | Orc:2    | ...
 16173 | Orc:2    | Noticed an orc warlord
 16174 | Orc:2    | ugh
 16306 | Orc:2    | Killed an orc warlord
 16337 | Orc:2    | Found Retiuplu's Antique Weapon Shoppe.
 16380 | Orc:2    | Bought a translucent broad axe for 243 gold pieces
 16380 | Orc:2    | Identified the +6 broad axe of Uncomfortable Rashes {drain, rPois} (You bought it in a shop on level 2 of the Orcish Mines)
 16381 | Orc:2    | hm
 16381 | Orc:2    | hmm
 16381 | Orc:2    | no, screw it
 16513 | Orc:2    | Found a staircase to the Elven Halls.
 16545 | Orc:2    | Bought the ring of Darkness {*Drain rF+ Str+8 Int+2 SInv} for 567 gold pieces
 16563 | Orc:2    | 29 str
 16563 | Orc:2    | just give me a decent armor
 16563 | Orc:2    | speaking of which, swamp time i guess
 16563 | Orc:2    | soon
 17054 | D:12     | Noticed Urug
 17093 | D:12     | Killed Urug
 17554 | D:13     | Reached skill level 16 in Maces & Flails
 17626 | D:13     | Found Losakh's Weapon Boutique.
 17755 | D:14     | Reached XP level 15. HP: 50/93 MP: 19/21
 17805 | D:14     | Received a gift from Okawaru
 17825 | D:14     | Reached skill level 11 in Fighting
 17829 | D:14     | Reached skill level 1 in Necromancy
 18003 | D:15     | Entered Level 15 of the Dungeon
 18163 | D:15     | Reached skill level 2 in Necromancy
 18163 | D:15     | Reached skill level 8 in Evocations
 18173 | D:15     | Reached skill level 12 in Shields
 18555 | D:14     | Found a gate to the Vaults.
 18587 | D:14     | Reached skill level 3 in Necromancy
 18661 | D:14     | Upgraded the game from 0.20-a0-1127-g1289703 to 0.20-b1
 18903 | D:14     | Received a gift from Okawaru
 18961 | D:14     | Reached skill level 9 in Evocations
 19098 | D:15     | HP: 6/95 [ice dragon/blast of cold (22)]
 19108 | D:15     | HP: 22/142 [ice dragon/blast of cold (16)]
 19110 | D:15     | Reached skill level 4 in Necromancy
 20204 | Lair:4   | Found a staircase to the Swamp.
 20285 | Swamp:1  | Entered Level 1 of the Swamp
 20285 | Swamp:1  | Noticed Aizul
 20304 | Swamp:1  | Killed Aizul
 20304 | Swamp:1  | Reached skill level 10 in Evocations
 20607 | Swamp:1  | Reached skill level 3 in Armour
 20859 | Swamp:2  | Reached XP level 16. HP: 91/101 MP: 21/24
 20870 | Swamp:2  | Noticed Nikola
 20886 | Swamp:2  | Killed Nikola
 20886 | Swamp:2  | Reached skill level 12 in Fighting
 20886 | Swamp:2  | Reached skill level 4 in Armour
 21063 | Swamp:3  | Learned a level 4 spell: Summon Lightning Spire
 21064 | Swamp:3  | Noticed Louise
 21108 | Swamp:3  | Killed Louise
 21108 | Swamp:3  | Reached skill level 13 in Shields
 21361 | Swamp:3  | Received a gift from Okawaru
 21915 | Swamp:4  | Entered Level 4 of the Swamp
 22062 | Swamp:4  | Reached skill level 1 in Summonings
 22062 | Swamp:4  | Reached skill level 2 in Air Magic
 22074 | Swamp:4  | Received a gift from Okawaru
 22154 | Swamp:4  | Noticed the 27-headed Lernaean hydra
 22160 | Swamp:4  | Killed the 27-headed Lernaean hydra
 22160 | Swamp:4  | Reached skill level 13 in Fighting
 22160 | Swamp:4  | Reached skill level 2 in Summonings
 22160 | Swamp:4  | Reached skill level 3 in Air Magic
 22174 | Swamp:4  | scattershot one shotting lerny as usual
 22174 | Swamp:4  | just get some evo and it's free xp
 22221 | Swamp:4  | Reached skill level 3 in Summonings
 22227 | Swamp:4  | Reached skill level 4 in Air Magic
 22314 | Swamp:4  | Reached skill level 14 in Shields
 22327 | Swamp:4  | Got a decaying rune of Zot
 22677 | Swamp:1  | Received a gift from Okawaru
 22799 | Spider:1 | Entered Level 1 of the Spider Nest
 22848 | Spider:1 | Reached XP level 17. HP: 109/109 MP: 25/25
 22851 | Spider:1 | Reached skill level 4 in Summonings
 22931 | Spider:1 | Reached skill level 1 in Throwing
 22931 | Spider:1 | Reached skill level 5 in Air Magic
 22971 | Spider:1 | Reached skill level 5 in Armour
 23434 | Spider:2 | Reached skill level 2 in Throwing
 23733 | Spider:2 | Reached skill level 3 in Throwing
 23786 | Spider:2 | Reached skill level 6 in Air Magic
 23890 | Spider:2 | Reached skill level 6 in Armour
 23890 | Spider:2 | Reached skill level 5 in Summonings
 24176 | Spider:2 | Reached skill level 4 in Throwing
 24709 | Spider:3 | Reached skill level 7 in Armour
 24726 | Spider:3 | Received a gift from Okawaru
 24831 | Spider:3 | Reached skill level 6 in Summonings
 24863 | Spider:3 | Reached skill level 7 in Air Magic
 25003 | Spider:4 | Entered Level 4 of the Spider Nest
 25113 | Spider:4 | Reached skill level 5 in Throwing
 25372 | Spider:4 | Reached skill level 8 in Armour
 25423 | Spider:4 | Reached skill level 7 in Summonings
 25433 | Spider:4 | Reached skill level 8 in Air Magic
 25692 | Spider:4 | Reached skill level 2 in Spellcasting
 25862 | Spider:4 | Reached skill level 3 in Spellcasting
 25940 | Spider:4 | Reached XP level 18. HP: 71/115 MP: 26/26
 25948 | Spider:4 | Received a gift from Okawaru
 26152 | Spider:4 | Reached skill level 4 in Spellcasting
 26281 | Spider:4 | Reached skill level 15 in Shields
 26320 | Spider:4 | Got a gossamer rune of Zot
 27130 | Vaults:1 | Entered Level 1 of the Vaults
 28007 | Vaults:1 | Reached skill level 14 in Fighting
 28022 | Vaults:1 | Received a gift from Okawaru
 28148 | Vaults:1 | Reached skill level 5 in Necromancy
 28158 | Vaults:1 | Reached skill level 1 in Charms
 28234 | Vaults:1 | Reached skill level 8 in Summonings
 28282 | Vaults:1 | Reached skill level 2 in Charms
 28420 | Vaults:1 | Reached skill level 3 in Charms
 28440 | Vaults:1 | Reached skill level 6 in Necromancy
 28586 | Vaults:1 | Got a pair of pitted gloves
 28597 | Vaults:1 | Identified the +2 pair of gloves "Hakoigog" {Int+4} (You found it on level 1 of the Vaults)
 28632 | Vaults:2 | Received a gift from Okawaru
 28647 | Vaults:1 | Reached skill level 4 in Charms
 28651 | Vaults:1 | Reached skill level 9 in Summonings
 28974 | Vaults:2 | Reached skill level 5 in Charms
 29069 | Vaults:2 | Reached skill level 7 in Necromancy
 29069 | Vaults:2 | Reached XP level 19. HP: 110/121 MP: 22/27
 29102 | Vaults:2 | Identified the ring "Ereklubi" {Ice MR+} (You found it on level 2 of the Vaults)
 29255 | Vaults:3 | Reached skill level 10 in Summonings
 29269 | Vaults:3 | Found Mubbom's Jewellery Shoppe.
 29301 | Vaults:3 | Bought an uncursed ring of protection from cold for 350 gold pieces
 29819 | Vaults:3 | Noticed a lich
 29848 | Vaults:3 | Killed a lich
 29888 | Vaults:3 | Noticed Margery
 29942 | Vaults:3 | Killed Margery
 29942 | Vaults:3 | Reached skill level 15 in Fighting
 29942 | Vaults:3 | Reached skill level 8 in Necromancy
 30091 | Vaults:4 | Reached skill level 1 in Stealth
 30180 | Vaults:4 | Reached skill level 2 in Stealth
 30355 | Vaults:4 | Reached skill level 3 in Stealth
 30416 | Vaults:4 | Reached skill level 4 in Stealth
 30593 | Vaults:4 | Received a gift from Okawaru
 30653 | Vaults:4 | Reached skill level 5 in Stealth
 30928 | Vaults:4 | Reached skill level 6 in Stealth
 30963 | Vaults:4 | Reached skill level 16 in Fighting
 30978 | Vaults:4 | Reached skill level 7 in Stealth
 30983 | Vaults:4 | Received a gift from Okawaru
 31014 | Vaults:4 | Reached skill level 8 in Stealth
 31021 | Vaults:4 | damn
 31044 | Vaults:4 | oh come on
 31044 | Vaults:4 | these are "yellow" threats so you don't even know what i'm whining about
 31044 | Vaults:4 | titan, tengu reaver, storm dragon, stone giant, DE sorcerer and some of the vault quartet
 31044 | Vaults:4 | and now a shadow dragon and a lich for a dessert
 31063 | Vaults:4 | Reached XP level 20. HP: 83/132 MP: 4/28
 31172 | Vaults:4 | Reached skill level 9 in Stealth
 31173 | Vaults:4 | Received a gift from Okawaru
 31533 | Vaults:3 | Reached skill level 11 in Dodging
 31608 | Vaults:3 | Identified a scroll of acquirement
 31610 | Vaults:3 | Got a vibrating platinum amulet
 31765 | Vaults:3 | Reached skill level 10 in Stealth
 31797 | Vaults:3 | Reached skill level 6 in Throwing
 31808 | Vaults:3 | Received a gift from Okawaru
 31854 | Vaults:3 | wtf is this
 31854 | Vaults:3 | is it even worth it to go there
 31857 | Vaults:3 | again, "yellow" threats
 32065 | Vaults:2 | Reached skill level 7 in Throwing
 32166 | Vaults:2 | Reached skill level 11 in Stealth
 32185 | Vaults:2 | Found a staircase to the Crypt.
 32335 | Vaults:2 | Received a gift from Okawaru
 32345 | Vaults:2 | Reached skill level 8 in Throwing
 32360 | Vaults:2 | Received a gift from Okawaru
 32445 | Vaults:2 | Found Zoycs's Magic Scroll Shoppe.
 32485 | Vaults:2 | Bought a scroll of teleportation for 33 gold pieces
 32485 | Vaults:2 | Bought a scroll of recharging for 104 gold pieces
 32485 | Vaults:2 | Bought a scroll of fog for 22 gold pieces
 32485 | Vaults:2 | Bought a scroll of teleportation for 33 gold pieces
 32489 | Vaults:2 | Bought a scroll of vulnerability for 82 gold pieces
 32489 | Vaults:2 | Bought a scroll of vulnerability for 82 gold pieces
 32701 | Vaults:2 | ok, this is too boring otherwise
 32852 | Vaults:1 | Reached skill level 12 in Stealth
 32902 | Vaults:1 | Reached skill level 9 in Throwing
 32982 | Vaults:1 | Reached skill level 17 in Fighting
 33035 | Vaults:1 | Received a gift from Okawaru
 33077 | Vaults:1 | Received a gift from Okawaru
 33233 | Vaults:1 | Reached XP level 21. HP: 85/139 MP: 14/29
 33410 | Vaults:1 | Reached skill level 13 in Stealth
 33509 | D:14     | this manual of stealth sure lasts long
 33509 | D:14     | already at 13
 33700 | D:8      | Identified the amulet "Ihotol" {Harm *Drain rN+} (You acquired it on level 3 of the Vaults)
 33701 | D:8      | :/
 33702 | D:8      | nice acquirement
 33787 | Orc:2    | Bought a book of Minor Magic for 300 gold pieces
 33790 | Orc:2    | Learned a level 2 spell: Blink
 33790 | Orc:2    | i want this in a non-damaging version
 33843 | Elf:1    | Entered Level 1 of the Elven Halls
 33907 | Elf:1    | Reached skill level 10 in Throwing
 33925 | Elf:1    | Reached skill level 1 in Translocations
 33936 | Elf:1    | Found a magical portal.
 34036 | WizLab   | Entered The Roulette of Golubria
 34037 | WizLab   | hmmmm
 34037 | WizLab   | i should be fine
 34039 | WizLab   | Found a corrupted altar of Lugonu.
 34132 | WizLab   | Reached skill level 2 in Translocations
 34165 | WizLab   | Found a corrupted altar of Lugonu.
 34199 | WizLab   | Identified Seth's Tome of the Compass
 34213 | WizLab   | Identified Sif Muna's Volume of the Traveller
 34235 | WizLab   | i have such a nice scarf
 34235 | WizLab   | and i'll have to throw it away, i think
 34235 | WizLab   | cloak of the thief
 34263 | WizLab   | Got a distressingly furry cloak
 34274 | WizLab   | Identified the +0 cloak of Purpose {rElec Regen+} (You found it in a wizard's laboratory)
 34274 | WizLab   | really
 34291 | WizLab   | Got an encrusted cloak
 34297 | WizLab   | Identified the +2 cloak of Xom's Benevolence {rC+ Str+3} (You found it in a wizard's laboratory)
 34303 | WizLab   | the cloak of the fucking thief :/
 34332 | WizLab   | slay-2 tho
 34439 | Elf:1    | Found Evyfercha's Assorted Antiques.
 34449 | Elf:1    | Bought a jewelled lead wand for 132 gold pieces
 34523 | Elf:1    | Reached skill level 3 in Translocations
 34628 | Elf:1    | Learned a level 3 spell: Spectral Weapon
 34909 | Elf:2    | Reached skill level 14 in Stealth
 34909 | Elf:2    | Reached skill level 4 in Translocations
 34913 | Elf:2    | this manual still hasn't run out btw
 35025 | Elf:1    | Received a gift from Okawaru
 35542 | D:11     | Killed Erolcha
 35542 | D:11     | Reached skill level 1 in Hexes
 35580 | D:10     | Learned a level 6 spell: Deflect Missiles
 35821 | Elf:3    | Entered Level 3 of the Elven Halls
 35933 | Elf:3    | Found a deep blue altar of Sif Muna.
 36039 | Elf:3    | finally
 36039 | Elf:3    | it ran out
 36039 | Elf:3    | at 14.3
 36128 | Elf:3    | Received a gift from Okawaru
 36128 | Elf:3    | Reached skill level 2 in Hexes
 36443 | Elf:3    | Found Ulun's Gadget Emporium.
 36443 | Elf:3    | Found Zuozomim's Jewellery Shop.
 36444 | Elf:3    | Found Ciekk's Jewellery Shop.
 36453 | Elf:3    | my favourite vault
 36457 | Elf:3    | the jewellery shops are shit tho
 36462 | Elf:3    | Bought a box of beasts for 380 gold pieces
 36465 | Elf:3    | Bought a phial of floods for 760 gold pieces
 36634 | Elf:3    | Reached skill level 9 in Air Magic
 36731 | Elf:3    | Reached skill level 6 in Charms
 36822 | Elf:3    | Reached skill level 10 in Air Magic
 36849 | Elf:3    | Reached skill level 3 in Hexes
 36954 | Elf:3    | Reached skill level 11 in Air Magic
 37073 | Elf:3    | Reached XP level 22. HP: 144/144 MP: 25/30
 37384 | Elf:3    | Learned a level 5 spell: Aura of Abjuration
 37490 | Elf:3    | Received a gift from Okawaru
 37490 | Elf:3    | Reached skill level 4 in Hexes
 37947 | Vaults:1 | here's a question
 37947 | Vaults:1 | do i want to win
 37947 | Vaults:1 | or do i watn to have fun
 37947 | Vaults:1 | let's go with fun
 38082 | Vaults:5 | Entered Level 5 of the Vaults
 38103 | Vaults:4 | Reached skill level 12 in Air Magic
 38178 | Vaults:4 | Received a gift from Okawaru
 38187 | Vaults:4 | Reached skill level 5 in Spellcasting
 38283 | Vaults:4 | Received a gift from Okawaru
 38501 | Vaults:5 | Reached skill level 6 in Spellcasting
 38515 | Vaults:5 | Noticed a golden dragon
 38518 | Vaults:5 | Reached skill level 9 in Armour
 38525 | Vaults:5 | Killed a golden dragon
 38543 | Vaults:5 | Received a gift from Okawaru
 38561 | Vaults:5 | okay
 38588 | Vaults:5 | Learned a level 6 spell: Shadow Creatures
 38662 | Vaults:5 | Reached skill level 7 in Spellcasting
 38859 | Vaults:5 | Reached skill level 13 in Air Magic
 38884 | Vaults:5 | Received a gift from Okawaru
 39145 | Vaults:5 | Reached skill level 8 in Spellcasting
 39149 | Vaults:5 | Noticed Saint Roka
 39205 | Vaults:5 | Killed Saint Roka
 39205 | Vaults:5 | Reached skill level 10 in Armour
 39315 | Vaults:5 | Reached skill level 11 in Summonings
 39438 | Vaults:5 | Received a gift from Okawaru
 39470 | Vaults:5 | Identified Dutesa's Grimoire of the Damaging Snowflakes
 39540 | Vaults:5 | Reached XP level 23. HP: 139/149 MP: 29/36
 39547 | Vaults:5 | Reached skill level 7 in Charms
 39620 | Vaults:5 | Reached skill level 14 in Air Magic
 39668 | Vaults:5 | Learned a level 6 spell: Freezing Cloud
 39705 | Vaults:5 | Reached skill level 1 in Conjurations
 39733 | Vaults:5 | Reached skill level 2 in Conjurations
 39752 | Vaults:5 | Reached skill level 3 in Conjurations
 39766 | Vaults:5 | Noticed a golden dragon
 39779 | Vaults:5 | Killed a golden dragon
 39779 | Vaults:5 | Reached skill level 12 in Summonings
 39817 | Vaults:5 | this is going to be a real hybrid
 39817 | Vaults:5 | we're casting level 6 boys
 39832 | Vaults:5 | "51"
 39832 | Vaults:5 | etc
 39834 | Vaults:5 | *55
 39835 | Vaults:5 | and it took five tries, how suitable
 39841 | Vaults:5 | Reached skill level 4 in Conjurations
 39868 | Vaults:5 | Got a pair of blackened gloves
 39879 | Vaults:5 | Identified the cursed +0 pair of gloves of the World {rN+ MR+ SInv} (You found it on level 5 of the Vaults)
 39896 | Vaults:5 | Identified Voonoekh's Incunabulum of Lethal Envenoming
 39897 | Vaults:5 | there's a necromancy manual here btw
 39908 | Vaults:5 | what can i use it for though
 40031 | Vaults:5 | wait so where's the run
 40031 | Vaults:5 | rune
 40062 | Vaults:5 | Reached skill level 5 in Conjurations
 40199 | Vaults:5 | Reached skill level 8 in Charms
 40209 | Vaults:5 | Reached skill level 9 in Necromancy
 40228 | Vaults:5 | Reached skill level 6 in Conjurations
 40291 | Vaults:5 | HP: 11/149 [tengu reaver/bolt of lightning (42)]
 40293 | Vaults:5 | sure took its time to kick in
 40490 | Vaults:5 | no really
 40490 | Vaults:5 | where's the rune
 40558 | Vaults:5 | Reached skill level 7 in Conjurations
 40568 | Vaults:5 | Received a gift from Okawaru
 40748 | Vaults:5 | Identified the ring "Wopany" {AC+5 Int+4 Dex+3 Stlth+} (You took it off a tengu reaver on level 5 of the Vaults)
 40749 | Vaults:5 | oh
 40749 | Vaults:5 | this is a good ring
 40795 | Vaults:5 | i still don't know where's the rune
 40886 | Vaults:5 | meanwhile i have passwall castable just from spellcasting and intelligence
 40886 | Vaults:5 | neat
 40886 | Vaults:5 | it even has more than 1# spellpower
 40934 | Vaults:5 | Reached skill level 10 in Necromancy
 40939 | Vaults:5 | okay
 40939 | Vaults:5 | fuck it
 40939 | Vaults:5 | i'm autoexploring now
 40939 | Vaults:5 | it HAS to be somewhere
 41089 | Vaults:5 | Got a silver rune of Zot
 41090 | Vaults:5 | oh, okay
 41090 | Vaults:5 | there was a short sword above it
 41090 | Vaults:5 | and the game decided it was a more important item than a rune
 41090 | Vaults:5 | and it didn't even highlight the tile as an important one
 41127 | Vaults:5 | okay so i'm pretty sure this is not a character good enough for extended (lol)
 41127 | Vaults:5 | i wonder if i could cast tornado tho
 41127 | Vaults:5 | ha ha
 41332 | D:15     | Found a staircase to the Depths.
 41362 | Depths:1 | Entered Level 1 of the Depths
 41371 | Depths:1 | i haven't used freezing cloud in AGES
 41371 | Depths:1 | i heard it's good, time to see
 41371 | Depths:1 | (when i have it castable ofc)
 41425 | Depths:1 | Reached skill level 8 in Conjurations
 41473 | Depths:1 | Reached skill level 9 in Spellcasting
 41538 | Depths:1 | Reached skill level 9 in Conjurations
 41567 | Depths:1 | Reached skill level 11 in Necromancy
 41602 | Depths:1 | i'm really not sure why i train necromancy though
 41651 | Depths:1 | oh right, simulacrum
 41651 | Depths:1 | why not
 41651 | Depths:1 | i need to get some ice eventually anyway
 41847 | Depths:1 | Reached XP level 24. HP: 156/156 MP: 36/37
 41933 | Depths:1 | Reached skill level 10 in Conjurations
 42065 | Depths:1 | Reached skill level 1 in Ice Magic
 42095 | Depths:1 | Identified the amulet "Zoepp" {rPois Regen+ Dex+3} (You acquired it on level 1 of the Depths)
 42096 | Depths:1 | hmm
 42096 | Depths:1 | okay
 42116 | Depths:1 | Found Vof Baun's Antique Weapon Shop.
 42154 | Depths:1 | Found Guoteschoq's Antique Weapon Boutique.
 42162 | Depths:1 | storm bow
 42162 | Depths:1 | well, just as a curiosity, no way i'm switching to bows for it now
 42447 | Depths:2 | Received a gift from Okawaru
 42524 | Depths:2 | Reached skill level 11 in Conjurations
 42560 | Depths:2 | Reached skill level 2 in Ice Magic
 42560 | Depths:2 | Reached skill level 15 in Air Magic
 42831 | Depths:2 | oh
 42889 | Depths:2 | son of a bitch!
 42891 | Depths:2 | okay, i didn't expect that
 43012 | Depths:2 | Noticed an ancient lich
 43026 | Depths:2 | Killed an ancient lich
 43043 | Depths:2 | Identified the amulet "Keedoff" {Reflect *Contam Str+5 Dex+3 SH+4 SInv} (You found it on level 2 of the Depths)
 43044 | Depths:2 | DAMN
 43044 | Depths:2 | fcuk this one is even better
 43045 | Depths:2 | okay
 43053 | Depths:2 | 33/25/27 attributes
 43053 | Depths:2 | almost as if i'm playing chei
 43053 | Depths:2 | well it's still 156 hp
 43074 | Depths:3 | Reached skill level 3 in Ice Magic
 43174 | Depths:2 | Reached skill level 12 in Necromancy
 43220 | Depths:2 | Reached skill level 10 in Spellcasting
 43283 | Depths:2 | Found a runed gate.
 43283 | Depths:2 | Found a runed gate.
 43283 | Depths:2 | Found a runed gate.
 43465 | Depths:3 | Reached skill level 4 in Ice Magic
 43687 | Depths:3 | i bet this vault won't have anything useful for me
 43687 | Depths:3 | but i still want to check it
 43691 | Depths:3 | Noticed a greater mummy
 43714 | Depths:3 | Killed a greater mummy
 43714 | Depths:3 | Reached skill level 5 in Ice Magic
 43726 | Depths:3 | Noticed a greater mummy
 43745 | Depths:3 | Killed a greater mummy
 43746 | Depths:3 | Noticed a greater mummy
 43756 | Depths:3 | Killed a greater mummy
 43756 | Depths:3 | Received a gift from Okawaru
 43799 | Depths:3 | (sceptre of torment)
 43824 | Depths:3 | Reached skill level 13 in Necromancy
 43896 | Depths:3 | Reached skill level 6 in Ice Magic
 43913 | Depths:3 | Found a one-way gate leading to the halls of Pandemonium.
 44205 | Depths:1 | Learned a level 6 spell: Simulacrum
 44243 | Depths:2 | Found a gateway to a ziggurat.
 44325 | Depths:4 | Noticed Sojobo
 44325 | Depths:4 | hmmmmmmmmmmm
 44363 | Depths:3 | Reached skill level 7 in Ice Magic
 44414 | Depths:3 | Reached skill level 14 in Necromancy
 44548 | Depths:4 | Reached XP level 25. HP: 150/160 MP: 36/38
 44555 | Depths:4 | oh?
 44555 | Depths:4 | it gives you multiple simulacra from one corpse?
 44555 | Depths:4 | maybe i should've used it more often
 44555 | Depths:4 | or rather: ever
 44679 | Depths:4 | Found a gateway to Hell.
 44780 | Depths:4 | jesus
 44823 | Depths:4 | Found a one-way gate to the infinite horrors of the Abyss.
 44952 | Depths:5 | Entered Level 5 of the Depths
 45044 | Depths:5 | 1000+ games and this is the first time i find out chilling breath knocks back
 45068 | Depths:5 | Reached skill level 8 in Ice Magic
 45105 | Depths:5 | Found a gate to the Realm of Zot.
 45138 | Zot:1    | Entered Level 1 of the Realm of Zot
 45255 | Zot:1    | Received a gift from Okawaru
 45364 | Zot:2    | Noticed an orb of fire
 45436 | Zot:2    | Reached skill level 15 in Necromancy
 45623 | Zot:4    | i still haven't finished this necro manual but i need space
 45631 | Zot:5    | Entered Level 5 of the Realm of Zot
 45696 | Zot:5    | Reached skill level 9 in Ice Magic
 45727 | Zot:5    | Reached skill level 12 in Dodging
 45796 | Zot:5    | Reached skill level 11 in Throwing
 46097 | Zot:5    | i just killed an orb guardian with tomahawks and no heroism
 46097 | Zot:5    | 6 base damage?
 46097 | Zot:5    | no fucking way
 46097 | Zot:5    | it must be calcuated differently
 46170 | Zot:5    | Received a gift from Okawaru
 46180 | Zot:5    | Noticed an ancient lich
 46180 | Zot:5    | Noticed an ancient lich
 46219 | Zot:5    | Killed an ancient lich
 46220 | Zot:5    | Noticed a Killer Klown
 46220 | Zot:5    | Noticed an orb of fire
 46237 | Zot:5    | Killed an orb of fire
 46241 | Zot:5    | Killed a Killer Klown
 46246 | Zot:5    | ez
 46246 | Zot:5    | well if you roll a draconian pack with shadow creatures...
 46329 | Zot:5    | nice tele trap m8
 46372 | Zot:5    | Noticed an orb of fire
 46381 | Zot:5    | Gained mutation: You are frail. (-10% HP) [an orb of fire]
 46383 | Zot:5    | Noticed an orb of fire
 46389 | Zot:5    | Killed an orb of fire
 46389 | Zot:5    | Received a gift from Okawaru
 46405 | Zot:5    | Killed an orb of fire
 46405 | Zot:5    | Reached skill level 18 in Fighting
 46405 | Zot:5    | Reached skill level 11 in Evocations
 46571 | Zot:5    | i wonder if i panicked too much
 46571 | Zot:5    | but better be safe than sorry
 46574 | Zot:5    | Noticed a Killer Klown
 46614 | Zot:5    | Killed a Killer Klown
 46614 | Zot:5    | Reached XP level 26. HP: 151/151 MP: 36/38
 46647 | Zot:5    | Reached skill level 12 in Throwing
 46914 | Zot:5    | Received a gift from Okawaru
 46916 | Zot:5    | Noticed an orb of fire
 46933 | Zot:5    | Gained mutation: Armour fits poorly on your strangely shaped body. [an orb of fire]
 46936 | Zot:5    | Killed an orb of fire
 47170 | Zot:5    | Received a gift from Okawaru
 47185 | Zot:5    | 3 tomahawks kill an orb guardian
 47185 | Zot:5    | i'm finally convinced that good attribute rings are better than boring resistance rings
 47199 | Zot:5    | Noticed an orb of fire
 47218 | Zot:5    | Gained mutation: You are occasionally teleported next to monsters. [an orb of fire]
 47231 | Zot:5    | Lost mutation: Your muscles are strong. (Str +2) [an orb of fire]
 47234 | Zot:5    | Killed an orb of fire
 47240 | Zot:5    | Reached skill level 19 in Fighting
 47250 | Zot:5    | Received a gift from Okawaru
 47261 | Zot:5    | Lost mutation: You can translocate small distances at will. [potion of mutation]
 47261 | Zot:5    | Lost mutation: You are frail. (-10% HP) [potion of mutation]
 47261 | Zot:5    | Lost mutation: Armour fits poorly on your strangely shaped body. [potion of mutation]
 47261 | Zot:5    | Lost mutation: You have a pair of small antennae on your head. [potion of mutation]
 47261 | Zot:5    | Gained mutation: Your flesh is cold resistant. (rC+) [potion of mutation]
 47261 | Zot:5    | Gained mutation: Your spells are a little easier to cast, but a little less powerful. [potion of mutation]
 47261 | Zot:5    | Gained mutation: You are resistant to hostile enchantments. (MR+) [potion of mutation]
 47262 | Zot:5    | Lost mutation: You are occasionally teleported next to monsters. [potion of mutation]
 47262 | Zot:5    | Lost mutation: Your spells are a little easier to cast, but a little less powerful. [potion of mutation]
 47262 | Zot:5    | Gained mutation: Your body sometimes deteriorates upon taking damage. [potion of mutation]
 47262 | Zot:5    | Gained mutation: Your spells are a little harder to cast, but a little more powerful. [potion of mutation]
 47283 | Zot:5    | Reached skill level 12 in Evocations
 47364 | Zot:5    | Noticed an ancient lich
 47370 | Zot:5    | Noticed an orb of fire
 47374 | Zot:5    | Gained mutation: You occasionally shout uncontrollably at your foes. [an orb of fire]
 47389 | Zot:5    | Killed an ancient lich
 47403 | Zot:5    | Killed an orb of fire
 47403 | Zot:5    | Received a gift from Okawaru
 47490 | Zot:5    | 1 haste left :/
 47592 | Zot:5    | Killed an ancient lich
 47592 | Zot:5    | Reached skill level 13 in Throwing
 47739 | Zot:5    | ok, let's go
 47739 | Zot:5    | Got the Orb of Zot
 47883 | Zot:1    | Reached skill level 1 in Transmutations
 47938 | Depths:3 | Reached skill level 1 in Earth Magic
 48186 | D:6      | Noticed Zuixzit the pandemonium lord
 48368 | D:1      | okay
 48369 | D:$      | Escaped with the Orb!

Skill      XL: |  1  2  3  4  5  6  7  8  9 10 11 12 13 14 15 16 17 18 19 20 21 22 23 24 25 26 |
---------------+-------------------------------------------------------------------------------+-----
Maces & Flails | 3 4 5 6 7 8 9 11 12 13 14 16 | 16.1
Shields        | 2 3 4 8 10 11 12 14 15 | 15.1
Fighting       | 5 6 8 9 10 11 13 14 16 17 18 19 | 19.5
Dodging        | 3 4 6 9 10 11 12 | 12.0
Invocations    | 3 6 7 |  7.0
Evocations     | 3 7 10 11 12 | 12.5
Necromancy     | 4 7 8 11 14 15 | 15.1
Armour         | 3 4 8 10 | 10.0
Summonings     | 3 7 9 10 11 12 | 12.1
Air Magic      | 4 8 11 13 14 15 | 15.6
Throwing       | 5 9 10 11 13 | 13.1
Spellcasting   | 3 4 8 9 10 | 10.6
Charms         | 5 6 8 |  8.4
Stealth        | 8 12 14 | 14.3
Translocations | 4 |  4.2
Hexes          | 3 4 |  4.1
Conjurations   | 9 11 | 11.7
Ice Magic      | 7 9 |  9.0
Transmutations | 1 |  1.7
Earth Magic    | 1 |  1.5
Poison Magic   | |  1.0

Action                   |  1- 3 |  4- 6 |  7- 9 | 10-12 | 13-15 | 16-18 | 19-21 | 22-24 | 25-27 || total
-------------------------+-------+-------+-------+-------+-------+-------+-------+-------+-------++-------
Melee: Mace              |    87 |   162 |    41 |       |       |       |       |       |       ||   290
       Kick              |     8 |    35 |   130 |   276 |   584 |   705 |   757 |   932 |   354 ||  3781
       Peck              |     6 |    22 |    93 |   176 |   377 |   488 |   506 |   613 |   244 ||  2525
       Flail             |       |       |   409 |   376 |       |       |       |       |       ||   785
       Morningstar       |       |       |       |   375 |  1277 |    47 |       |       |       ||  1699
       Eveningstar       |       |       |       |       |       |  1309 |  1383 |  1601 |   597 ||  4890
       Shillelagh        |       |       |       |       |       |     7 |       |       |       ||     7
 Fire: Hunting sling     |       |    11 |    22 |    31 |       |       |       |       |       ||    64
       Blowgun           |       |     2 |     4 |    15 |     8 |       |    13 |     3 |    10 ||    55
       Hand crossbow     |       |       |       |       |     8 |       |       |       |       ||     8
Throw: Throwing net      |       |       |       |     3 |       |       |       |       |     3 ||     6
       Javelin           |       |       |       |       |     9 |     1 |     7 |    30 |       ||    47
       Tomahawk          |       |       |       |       |     7 |   113 |    18 |    31 |    75 ||   244
 Cast: Animate Skeleton  |       |       |       |       |     7 |     2 |       |     2 |       ||    11
       Regeneration      |       |       |       |       |       |     7 |    52 |    87 |    43 ||   189
       Summon Lightning  |       |       |       |       |       |     2 |     3 |     3 |     1 ||     9
       Blink             |       |       |       |       |       |       |       |     6 |     1 ||     7
       Deflect Missiles  |       |       |       |       |       |       |       |     2 |     3 ||     5
       Passwall          |       |       |       |       |       |       |       |     6 |     4 ||    10
       Aura of Abjuratio |       |       |       |       |       |       |       |     4 |       ||     4
       Shadow Creatures  |       |       |       |       |       |       |       |     1 |    24 ||    25
       Simulacrum        |       |       |       |       |       |       |       |       |    18 ||    18
       Freezing Cloud    |       |       |       |       |       |       |       |       |     6 ||     6
Invok: Heroism           |       |       |    14 |    36 |    41 |    40 |    32 |    40 |    20 ||   223
       Finesse           |       |       |       |     3 |     4 |     2 |     8 |     3 |     6 ||    26
 Abil: Blink             |       |       |       |       |     2 |       |       |       |       ||     2
       Fly               |       |       |       |       |     2 |       |     1 |     3 |       ||     6
       Stop Flying       |       |       |       |       |     1 |       |     1 |     3 |       ||     5
Evoke: Wand              |       |       |       |    13 |    11 |    22 |    17 |    14 |     5 ||    82
       Lightning rod     |       |       |       |       |       |       |    12 |       |       ||    12
       Phial of floods   |       |       |       |       |       |       |     1 |       |       ||     1
       Box of beasts     |       |       |       |       |       |       |       |       |     2 ||     2
  Use: Potion            |     2 |     4 |     5 |     5 |     2 |     3 |     2 |     6 |    10 ||    39
       Scroll            |       |     3 |     4 |    14 |    20 |    11 |    13 |    15 |     6 ||    86
 Stab: Invisible         |       |       |     1 |       |       |       |       |       |       ||     1
       Held in net/web   |       |       |       |     3 |       |     2 |       |       |     4 ||     9
       Confused          |       |       |       |     3 |       |     5 |     5 |     2 |       ||    15
       Sleeping          |       |       |       |     1 |     2 |       |    21 |    17 |     9 ||    50
       Distracted        |       |       |       |       |     4 |     1 |     3 |     4 |    14 ||    26
       Paralysed         |       |       |       |       |       |       |       |     1 |       ||     1
  Eat: Chunk             |       |     7 |    12 |    21 |    27 |    11 |    19 |    16 |     9 ||   122
       Royal jelly       |       |       |       |     1 |     3 |     9 |     3 |     1 |       ||    17
       Fruit             |       |       |       |       |       |       |     9 |     4 |       ||    13
       Bread ration      |       |       |       |       |       |       |       |     2 |       ||     2
       Meat ration       |       |       |       |       |       |       |       |     1 |     6 ||     7
Armor: Robe              |    16 |       |       |       |       |       |       |       |       ||    16
       Skin              |    78 |       |       |       |     7 |       |       |       |       ||    85
       Ring mail         |     4 |    61 |    81 |    67 |    43 |     3 |       |       |       ||   259
       Steam dragon scal |       |       |       |    11 |    33 |       |       |       |       ||    44
       Swamp dragon scal |       |       |       |       |       |   207 |   140 |   173 |    60 ||   580
       Chain mail        |       |       |       |       |       |    11 |       |       |       ||    11
Dodge: Dodged            |    44 |    99 |   209 |   360 |   450 |   831 |   452 |   623 |   312 ||  3380
       Deflected         |       |       |       |       |       |       |       |    19 |    22 ||    41
Block: Buckler           |       |    15 |    80 |   115 |       |       |       |       |       ||   210
       Shield            |       |       |       |    34 |   470 |  1035 |   669 |   911 |   438 ||  3557
       Reflection        |       |       |       |       |       |       |       |     9 |     4 ||    13
